[Event "Late-Titled-Tuesday-Blitz-June-18-2024"]
[Site "Chess.com"]
[Date "2024.06.18"]
[Round "1"]
[White "Faqade"]
[Black "sari07"]
[Result "1/2-1/2"]
[WhiteElo "2654"]
[BlackElo "2369"]
[TimeControl "180+1"]
[EndTime "14:08:19 PDT"]
[Termination "Game drawn by repetition"]

1. d4 d5 2. c4 c6 3. Nf3 Nf6 4. g3 dxc4 5. Bg2 g6 6. Na3 Bg7 7. Nxc4 O-O 8. O-O Be6 9. Nfe5 Bd5 10. f3 Nfd7 11. e4 Nxe5 12. Nxe5 Be6 13. Be3 Nd7 14.
Nd3 Bc4 15. b3 Ba6 16. Rc1 e5 17. dxe5 Nxe5 18. Nxe5 Bxf1 19. Nxc6 bxc6 20. Bxf1 Qxd1 21. Rxd1 Rfd8 22. Rc1 Bd4 23. Kf2 c5 24. Bc4 Rd6 25. Bd5 Re8 26. Bxd4 cxd4 27. Rc7 Rxd5 28. exd5 d3 29. Rc3 Re2+ 30. Kf1 Kf8 31. d6 Ke8 32. Rxd3 Rxh2 33. Rc3 Rxa2 34. Rc7 h5 35. Re7+ Kf8 36.
Rb7 Ke8 37. Ke1 a5 38. Re7+ Kf8 39. Ra7 Ke8 40. b4 a4 41. Re7+ Kf8 42. Ra7 Ke8 43.
b5 Rb2 44. Re7+ Kf8 45. Rb7 Ke8 46. b6 a3 47. Re7+ Kd8 48. Ra7 a2 49. b7 Rxb7 50. Rxa2 Kd7 51. Ra6 Ke6 52. Ke2 Rd7 53. Ke3 Rxd6 54.
Ra7 Rb6 55. Rc7 Rb3+ 56. Kf2 Rb4 57. Ke3 Ra4 58. Kf2 Kf6 59. Rb7 Kf5 60. Rb5+ Ke6 61. Rb6+ Ke5 62. Rb7 f6 63. Rb5+ Ke6 64. Rb6+ Kf7 65.
Rb7+ Ke6 66. Rb6+ Ke7 67. Rb7+ Ke6 68. Rb6+ 1/2-1/2

[Event "Late-Titled-Tuesday-Blitz-June-18-2024"]
[Site "Chess.com"]
[Date "2024.06.18"]
[Round "1"]
[White "Duhless"]
[Black "RZ0"]
[Result "1-0"]
[WhiteElo "3107"]
[BlackElo "2526"]
[TimeControl "180+1"]
[EndTime "14:08:20 PDT"]
[Termination "Duhless won by resignation"]

1. e4 c5 2. Nf3 d6 3. d4 cxd4 4.
Nxd4 Nf6 5. Nc3 a6 6. Bg5 e6 7.
f4 Qb6 8. Qd2 Qxb2 9. Rb1 Qa3 10. e5 h6 11. Bh4 dxe5 12. fxe5 g5 13. Bf2 Ng4 14. Bg3 Bg7 15. Be2 Nxe5 16. O-O O-O 17. Ne4 Qe7 18. h4 gxh4 19. Bf4 Rd8 20. c3 Nbc6 21.
Bxh6 Nxd4 22. cxd4 Rxd4 23. Qe3 f5 24. Nc3 Ng4 25.
Bxg4 Rxg4 26. Nd5 Qf8 27. Bxg7 Qxg7 28. Nf4 e5 29. Nh5 Qg5 30. Qb3+ Kf8 31. Qa3+ Kg8 32. Qb3+ Kf8 33. Rbd1 Qxh5 34. Rd8+ Ke7 35. Rfd1 Rxg2+ 36. Kxg2 Qg4+ 37. Kh2 Qf4+ 38. Kh1 Qe4+ 39. Kg1 Qg4+ 40. Kf1 Qf4+ 41. Ke2 Qg4+ 42. Ke1 Qe4+ 43. Kf2 Qf4+ 44. Qf3 Qh2+ 45. Kf1 f4 46. Rxc8 Rxc8 47. Qxb7+ Kf6 48. Rd6+ Kf5 49. Qxc8+ Ke4 50. Qc4+ Kf3 51. Rd3+ Kg4 52. Qe6+ Kh5 53. Qf5+ Kh6 54. Rd6+ 1-0

[Event "Late-Titled-Tuesday-Blitz-June-18-2024"]
[Site "Chess.com"]
[Date "2024.06.18"]
[Round "1"]
[White "laskakid"]
[Black "GianmarcoVaR"]
[Result "0-1"]
[WhiteElo "2381"]
[BlackElo "2707"]
[TimeControl "180+1"]
[EndTime "14:08:20 PDT"]
[Termination "GianmarcoVaR won by checkmate"]

1. Nf3 g6 2. e4 Bg7 3. d4 d6 4.
Bc4 Nf6 5. Qe2 c6 6. e5 dxe5 7.
dxe5 Nd5 8. h3 O-O 9. O-O Qc7 10. Re1 a5 11. a4 Na6 12. Nbd2 Nc5 13. Nf1 Nb6 14.
Be3 Nxc4 15. Qxc4 Ne6 16. Bd2 b6 17. Bc3 Ba6 18. Qg4 Rad8 19. Ng3 Bc8 20. Qc4 h6 21. h4 Kh7 22. h5 Nc5 23. hxg6+ fxg6 24. e6 Rf4 25. Qe2 Bxc3 26. bxc3 Bxe6 27. Nd4 Bd5 28. Qxe7+ Qxe7 29. Rxe7+ Kg8 30. Rae1 Rdf8 31. f3 Nxa4 32. Rc7 R4f6 33. Ree7 R8f7 34. Re8+ Kg7 35. Rcc8 Rf8 36.
Re7+ R6f7 37. Rxf7+ Rxf7 38. Nxc6 Nxc3 39. Ne5 Re7 40.
f4 Nb5 41. Rb8 Nd4 42. Rxb6 Ra7 43. Rxg6+ Kh7 44. Nh5 Bc4 45. Nf6+ Kh8 46. Rxh6+ Kg7 47. Rg6+ Kf8 48. Rh6 Bg8 49. Nxg8 Kxg8 50. Rg6+ Kh7 51.
Rf6 Ne2+ 52. Kf2 Nc3 53. g4 Ne4+ 54. Ke3 Nxf6 55. g5 Nh5 56. Ke4 a4 57. Kf5 a3 58.
g6+ Kg8 59. Kg5 a2 60. f5 a1=Q 61. f6 Qxe5+ 62. Kh6 Qf4+ 63. Kxh5 Ra5# 0-1

[Event "Late-Titled-Tuesday-Blitz-June-18-2024"]
[Site "Chess.com"]
[Date "2024.06.18"]
[Round "1"]
[White "Bugcrusher"]
[Black "HamedWafa4"]
[Result "1-0"]
[WhiteElo "2386"]
[BlackElo "2662"]
[TimeControl "180+1"]
[EndTime "14:08:20 PDT"]
[Termination "Bugcrusher won by resignation"]

1. d4 Nf6 2. c4 e6 3. Nf3 Bb4+ 4. Nbd2 b6 5. a3 Bxd2+ 6. Nxd2 Bb7 7. e3 O-O 8. f3 d5 9. Bd3 c5 10. dxc5 bxc5 11.
O-O Nbd7 12. b3 Ne5 13. Bb1 d4 14. e4 Ng6 15. g3 e5 16. Bd3 a5 17. Qe2 Ne8 18.
a4 Nd6 19. Nb1 Qe7 20. Na3 Rae8 21. Nb5 Qd7 22. Bd2 Ra8 23. Rae1 Ne7 24. f4 exf4 25.
gxf4 Nxb5 26. cxb5 f5 27. e5 Nd5 28. Kf2 Qe7 29. Rg1 Qh4+ 30. Kf1 Qh3+ 31. Kf2 Qxh2+ 32. Rg2 Qxg2+ 33. Kxg2 Nxf4+ 34. Kg3 Nxe2+ 35. Rxe2 Bd5 36. e6 g6 37. Re5 Bxb3 38. Rxc5 Bxe6 39. Rc7 Rac8 40.
Re7 Bc4 41. Bb1 Bb3 42. Bxa5 Bc2 43. Ba2+ Kh8 44. Bb6 f4+ 45. Kh4 Rfd8 46. Re8+ Kg7 47. Bxd8 d3 48. Bf6+ Kxf6 49. Rxc8 d2 50. Rd8 d1=Q 51.
Rxd1 Bxd1 52. a5 g5+ 53. Kh3 g4+ 54. Kg2 f3+ 55. Kg3 Kg5 56. b6 h5 57. b7 h4+ 58.
Kf2 g3+ 59. Ke3 f2 60. Bc4 g2 61. Kxf2 h3 62. b8=Q 1-0

[Event "Late-Titled-Tuesday-Blitz-June-18-2024"]
[Site "Chess.com"]
[Date "2024.06.18"]
[Round "1"]
[White "OverallStranger"]
[Black "lupta_robin"]
[Result "1-0"]
[WhiteElo "2337"]
[BlackElo "2618"]
[TimeControl "180+1"]
[EndTime "14:08:22 PDT"]
[Termination "OverallStranger won by resignation"]

1. e4 Nc6 2. Nf3 d6 3. d4 Nf6 4. Nc3 g6 5. Be3 Bg7 6. Qd2 e5 7. dxe5 Nxe5 8. Nxe5 dxe5 9. Qxd8+ Kxd8 10. O-O-O+ Bd7 11. Bc4 Ke8 12. Nb5 Bxb5 13. Bxb5+ c6 14. Bd3 Ng4 15. Bc5 b6 16. h3 Nf6 17. Be3 Ke7 18. Ba6 Rab8 19. f3 Rhd8 20. Rxd8 Rxd8 21. Rd1 Rxd1+ 22.
Kxd1 Nh5 23. Ke2 Nf4+ 24. Kf2 f6 25. a4 Kd6 26. a5 Kc7 27. Bc4 Bf8 28. axb6+ axb6 29.
Bg8 h6 30. Bf7 h5 31. g3 Nxh3+ 32. Kg2 Ng5 33. Bxg6 Ne6 34. Bxh5 Nd4 35. c3 Ne6 36. Bf7 Nc5 37. Bc4 b5 38. Be2 Na4 39. Bc1 Kd6 40.
Bd1 Ke6 41. Bb3+ Kd7 42. Bxa4 bxa4 43. Kf1 Bc5 44. Ke2 Ke6 45. Kd3 Bf8 46. Kc4 f5 47. exf5+ Kxf5 48. Kd3 Bc5 49. Kc4 Bf2 50. g4+ Ke6 51. Kd3 Bc5 52. Ke4 Be7 53. f4 exf4 54.
Bxf4 a3 55. bxa3 Bxa3 56. c4 Be7 57. Be3 Bd8 58. g5 Kf7 59. Kf5 Be7 60. g6+ Kg8 61.
Ke6 Bf8 62. Bd4 Bb4 63. c5 Kf8 64. Kf6 Ba5 65. Kg5 Bd2+ 66. Kf6 Kg8 67. Ke6 Bb4 68. Kd6 1-0

[Event "Late-Titled-Tuesday-Blitz-June-18-2024"]
[Site "Chess.com"]
[Date "2024.06.18"]
[Round "1"]
[White "olakenn"]
[Black "Omranalhosani21"]
[Result "0-1"]
[WhiteElo "1864"]
[BlackElo "2539"]
[TimeControl "180+1"]
[EndTime "14:08:23 PDT"]
[Termination "Omranalhosani21 won on time"]

1. e4 c6 2. d4 d5 3. Nc3 dxe4 4. Nxe4 Nf6 5. Nxf6+ exf6 6. Nf3 Bd6 7. Bd3 O-O 8.
c3 Re8+ 9. Be3 Nd7 10. O-O Nf8 11. Re1 Bg4 12. Be2 Bh5 13. h3 Bc7 14. Qd2 Qd6 15. g3 Rad8 16. c4 Ne6 17. c5 Qd5 18. Nh4 Bxe2 19.
Qxe2 Nxd4 20. Qg4 h5 21. Qxd4 Qxd4 22. Bxd4 Rxe1+ 23. Rxe1 Rxd4 24. Re8+ Kh7 25. Re7 Be5 26. Rxb7 Rd1+ 27. Kg2 Rc1 28. b4 Rc2 29. Nf3 Bc3 30. a3 a5 31. b5 cxb5 32. Rxb5 a4 33. c6 Ba1 34. Rb4 Rxc6 35. Rxa4 f5 36. h4 Bf6 37.
Ra7 Kg8 38. a4 Rc2 39. Ra8+ Kh7 40. Ng5+ Bxg5 41. hxg5 Kg6 42. Ra7 Kxg5 43. Rxf7 g6 44. Ra7 Ra2 45. a5 h4 46. gxh4+ Kxh4 47. Ra8 Kg4 48. a6 g5 49. a7 f4 50. Kf1 Kf3 51. Ke1 Ra1+ 52. Kd2 Kxf2 53. Kc3 g4 54. Rf8 f3 55.
a8=Q Rxa8 56. Rxa8 Kg2 57. Kd3 f2 0-1

[Event "Late-Titled-Tuesday-Blitz-June-18-2024"]
[Site "Chess.com"]
[Date "2024.06.18"]
[Round "1"]
[White "sakkikuska"]
[Black "nihalsarin"]
[Result "0-1"]
[WhiteElo "2534"]
[BlackElo "3201"]
[TimeControl "180+1"]
[EndTime "14:08:33 PDT"]
[Termination "nihalsarin won by resignation"]

1. e4 c5 2. Nf3 e6 3. d4 cxd4 4. Nxd4 Nf6 5. Nc3 d6 6. g4 a6 7.
h3 b5 8. Bg2 Bb7 9. Qe2 Be7 10.
O-O O-O 11. a3 Nc6 12. Be3 Rc8 13. Nxc6 Bxc6 14. Rad1 Qc7 15. Bf4 Rfd8 16. e5 Bxg2 17. Kxg2 Ne8 18. exd6 Bxd6 19. Bxd6 Nxd6 20. Rd3 Nc4 21. Nd1 Ne5 22. Rxd8+ Rxd8 23. Ne3 Ng6 24. Kg1 Nf4 25. Qf3 g5 26. Ng2 Nxg2 27. Kxg2 Qxc2 28.
Qf6 Rd5 29. Re1 Qg6 30. Qc3 h6 31. Qc8+ Kg7 32. Qxa6 Qf6 33. Qa7 Rd3 34. Re3 Rxe3 35. Qxe3 Qxb2 36. Qd3 Qe5 37. Kf1 Qd5 38. Qc3+ e5 39. Ke2 Kg6 40. Qc2+ Kg7 41. Qc3 Qe4+ 42. Kf1 h5 43. gxh5 Kh6 44. Qd2 Kxh5 45. Qd8 Qc4+ 46.
Kg2 Qc6+ 47. Kg1 Qc4 48. Qh8+ Kg6 49. Qg8+ Kf6 50. Qd8+ Kf5 51. Qd7+ Kg6 52. Qg4 Qxg4+ 53. hxg4 e4 54. Kf1 Kf6 55. Ke2 Ke5 56. Ke3 f6 57. f3 exf3 58. Kxf3 Kd4 59. Kf2 Ke4 60. Ke2 Kf4 61.
Kf2 Kxg4 62. Kg2 Kf4 63. Kh3 Kf3 64. Kh2 g4 65. Kg1 g3 66. a4 bxa4 0-1

[Event "Late-Titled-Tuesday-Blitz-June-18-2024"]
[Site "Chess.com"]
[Date "2024.06.18"]
[Round "1"]
[White "David_ATM"]
[Black "IMRosen"]
[Result "1/2-1/2"]
[WhiteElo "2441"]
[BlackElo "2761"]
[TimeControl "180+1"]
[EndTime "14:08:35 PDT"]
[Termination "Game drawn by repetition"]

1. e4 c5 2. c3 d5 3. exd5 Qxd5 4.
d4 Nf6 5. Nf3 e6 6. Be2 Nc6 7.
Na3 cxd4 8. Nb5 Qd8 9. Nbxd4 Nxd4 10. Qxd4 Qxd4 11. Nxd4 Bd7 12. O-O O-O-O 13. Bf4 Nd5 14. Bg3 f6 15. Nb5 Bxb5 16. Bxb5 e5 17. Rad1 Bc5 18.
Bc4 Nc7 19. b4 b5 20. Bd3 Bb6 21. Bf5+ Kb7 22. Be4+ Kc8 23. Rfe1 g6 24. h3 a6 25. Bh4 Rxd1 26. Rxd1 Rf8 27. Kf1 g5 28. Bf5+ Kb7 29. Bg3 h5 30. h4 g4 31. f3 gxf3 32. gxf3 Rg8 33. Bf2 Bxf2 34. Kxf2 Rf8 35. Rd6 Ne8 36. Be4+ Kc7 37. Rxa6 Nd6 38. Ra7+ Kb6 39. Rh7 f5 40.
Bd3 Ra8 41. Bb1 Ra3 42. Rh6 Kc7 43. Rxh5 e4 44. fxe4 fxe4 45. Rc5+ Kd7 46. h5 Ra8 47. h6 Rh8 48. Rh5 Ke6 49. Ke3 Kf6 50. Kd4 Kg6 51. Rd5 Nf5+ 52. Kc5 Ng3 53. Kxb5 Kxh6 54. Rd6+ Kg5 55.
Re6 Kf4 56. a4 e3 57. Bd3 Rd8 58. Bc4 Kf3 59. a5 e2 60. Bxe2+ Nxe2 61. a6 Nxc3+ 62. Kb6 Nd5+ 63. Ka5 Kf4 64. b5 Kf5 65. Re1 Kf4 66. a7 Nc7 67. b6 Rd5+ 68. Ka4 Rd4+ 69. Ka5 Rd5+ 70. Ka4 Rd4+ 71. Ka5 Rd5+ 1/2-1/2

[Event "Late-Titled-Tuesday-Blitz-June-18-2024"]
[Site "Chess.com"]
[Date "2024.06.18"]
[Round "1"]
[White "Levanzovsky"]
[Black "nindjaxx8"]
[Result "0-1"]
[WhiteElo "2406"]
[BlackElo "2734"]
[TimeControl "180+1"]
[EndTime "14:08:35 PDT"]
[Termination "nindjaxx8 won by checkmate"]

1. e4 e6 2. d4 d5 3. Nd2 c5 4. exd5 Qxd5 5. Ngf3 cxd4 6. Bc4 Qd6 7. O-O Nf6 8. Nb3 Nc6 9. Nbxd4 Nxd4 10. Nxd4 Be7 11. c3 O-O 12. Qf3 Qc7 13. Bb3 a5 14. a4 Qb6 15. Re1 Bd7 16. Bg5 h6 17. Bh4 Rfe8 18.
h3 Bc6 19. Nxc6 bxc6 20. Bxf6 Bxf6 21. Bc2 Qxb2 22. Qe4 g6 23. Rac1 c5 24. Qf3 Qxc3 25. Bd3 Qd4 26. Rc4 Qd5 27. Qxd5 exd5 28. Rxe8+ Rxe8 29. Rxc5 Re1+ 30. Kh2 d4 31. Rxa5 Rd1 32. Be4 Re1 33. Bd3 Rd1 34. Bc4 Rd2 35. f4 g5 36.
Ra7 gxf4 37. Rxf7 Bg7 38. Rxf4+ Kh8 39. Re4 Rc2 40. Bd3 Rc8 41. Kg3 Ra8 42. Bb5 Kg8 43. Kf3 Kf7 44. Ke2 Bf6 45. Kd3 Kg6 46. g4 Rc8 47. a5 Rc3+ 48. Kd2 Rxh3 49. a6 Ra3 50.
Re6 Kg5 51. Be2 Kg6 52. Rd6 Kg5 53. Rd5+ Kh4 54. Rf5 Bg5+ 55. Kc2 Ra2+ 56. Kd3 Rd2+ 57. Kc4 Rxe2 58. Kxd4 Ra2 59. Ke4 Rxa6 60. Kf3 Ra3+ 61. Kg2 Kxg4 62. Rb5 Ra2+ 63. Kf1 Bf4 64. Rb3 h5 65.
Kg1 h4 66. Kf1 h3 67. Kg1 h2+ 68. Kh1 Ra1+ 69. Kg2 h1=Q+ 70. Kf2 Qf1# 0-1

[Event "Late-Titled-Tuesday-Blitz-June-18-2024"]
[Site "Chess.com"]
[Date "2024.06.18"]
[Round "1"]
[White "bascheyaro"]
[Black "momotaro77"]
[Result "1-0"]
[WhiteElo "2839"]
[BlackElo "2474"]
[TimeControl "180+1"]
[EndTime "14:08:44 PDT"]
[Termination "bascheyaro won on time"]

1. d4 Nf6 2. Nf3 g6 3. Bf4 Bg7 4. e3 O-O 5. h3 d6 6. c4 c5 7. Nc3 cxd4 8. exd4 Bf5 9. Be2 Ne4 10. O-O Nxc3 11.
bxc3 Nc6 12. Qb3 Na5 13. Qb4 Rc8 14. Rfe1 Be4 15. Nd2 Bf5 16. Bf3 b6 17. Bg5 Re8 18.
Bd5 Qc7 19. Re3 e6 20. Bf3 e5 21. dxe5 dxe5 22. Bd5 Bf8 23. Qa4 Be6 24. Rae1 Nxc4 25. Bxc4 Bxc4 26. Nxc4 Qxc4 27. Qxa7 Bc5 28. Rxe5 Rxe5 29.
Rxe5 Qxc3 30. Re2 Bd6 31. g3 Qd4 32. Qd7 Qd1+ 33. Kg2 Qxe2 34. Qxc8+ Kg7 35. Qc3+ Be5 36. Qc1 Qe4+ 37. Kh2 Qf3 38. Bh6+ Kf6 39. Qd2 Ke6 40. Be3 Qd5 41. Qc2 b5 42. Qc8+ Qd7 43. Qc5 f6 44. Qb6+ Kf7 45. h4 h5 46. Qa6 Qg4 47.
Qxb5 Qxh4+ 48. Kg1 Qe4 49. a4 h4 50. Qd7+ Kg8 51.
Qc8+ Kh7 52. Qh3 g5 53. gxh4 g4 54. Qg2 Qb1+ 55. Qf1 Qa2 56. Qd3+ Kg7 57. Qd7+ Kg8 58. Qxg4+ Kf8 59. h5 Qb1+ 60. Kg2 Qb7+ 61. Qf3 Qg7+ 62. Kf1 Qd7 63. h6 Qxa4 64. Qf5 Qd1+ 65. Kg2 Qd5+ 66. f3 Qg8+ 67. Kf1 Qh7 68. Bc5+ 1-0

[Event "Late-Titled-Tuesday-Blitz-June-18-2024"]
[Site "Chess.com"]
[Date "2024.06.18"]
[Round "1"]
[White "ajedrezsinlimites"]
[Black "PhileKhoob"]
[Result "0-1"]
[WhiteElo "2633"]
[BlackElo "2361"]
[TimeControl "180+1"]
[EndTime "14:08:46 PDT"]
[Termination "PhileKhoob won by checkmate"]

1. e4 c6 2. d4 d5 3. exd5 cxd5 4. Bd3 Nc6 5. c3 Nf6 6. Bf4 Bg4 7. Qb3 e5 8. dxe5 Nh5 9. Be3 Nxe5 10. Bb5+ Nc6 11.
Nd2 Bd6 12. Ngf3 Nf6 13. O-O O-O 14. Rfe1 Ne5 15. Be2 Be6 16. Qd1 Ne4 17. Nxe5 Bxe5 18. Nf3 Bc7 19. Bd3 Qd6 20. h3 a6 21. Qc2 Bf5 22.
Rad1 Qf6 23. Bd4 Qh6 24. Be5 Bxe5 25. Nxe5 Rfe8 26. Nf3 Qf4 27. Nd4 Bg6 28. Re3 Nf6 29. Rde1 Rxe3 30. Rxe3 Re8 31. Rxe8+ Nxe8 32. Bxg6 hxg6 33.
Qb3 Nf6 34. Qxb7 Qc1+ 35. Kh2 Qf4+ 36. Kg1 Ne4 37. Qc8+ Kh7 38. Qg4 Qxf2+ 39. Kh2 f5 40. Qe2 Qf4+ 41. Kg1 Qc1+ 42. Qf1 Qxb2 43. Nf3 Qxc3 44.
Qxa6 Qe3+ 45. Kh2 d4 46. Qa7 Qf4+ 47. Kg1 d3 48. Qd4 Qc1+ 49. Kh2 d2 50. Nxd2 Nxd2 51.
Qh4+ Kg8 52. Qd8+ Kf7 53. Qd7+ Kf6 54. Qd8+ Ke5 55. Qe7+ Kd4 56. Qxg7+ Kd3 57. Qxg6 Nf1+ 58. Kg1 Ne3+ 59. Kf2 Qd2+ 60. Kf3 Qd1+ 61. Kf4 Qf1+ 62.
Ke5 Qa1+ 63. Ke6 Qxa2+ 64. Ke7 Qa7+ 65. Kf8 Qb8+ 66. Kg7 Qc7+ 67. Kh8 Ke2 68. g4 Qc8+ 69.
Kh7 Qd7+ 70. Kh6 f4 71. Qa6+ Kf2 72. Qa2+ Kg3 73. g5 f3 74. g6 Qxh3+ 75. Kg7 f2 76. Qe2 Qd7+ 77. Kh6 Qe6 78. Kh7 f1=Q 79. Qxf1 Nxf1 80.
g7 Qf7 81. Kh8 Qh5+ 82. Kg8 Ne3 83. Kf8 Qf5+ 84. Ke7 Qe5+ 85. Kf7 Qf5+ 86. Ke7 Qg6 87. Kf8 Qf6+ 88. Kg8 Nf5 89. Kh7 Qxg7# 0-1

[Event "Late-Titled-Tuesday-Blitz-June-18-2024"]
[Site "Chess.com"]
[Date "2024.06.18"]
[Round "1"]
[White "baki83"]
[Black "Mikhal867"]
[Result "1-0"]
[WhiteElo "2807"]
[BlackElo "2453"]
[TimeControl "180+1"]
[EndTime "14:08:51 PDT"]
[Termination "baki83 won by resignation"]

1. e4 g6 2. d4 Bg7 3. Nc3 d6 4. h3 a6 5. Be3 b5 6. Bd3 Nd7 7. Nf3 Bb7 8. O-O c5 9. a4 c4 10.
Be2 b4 11. Nd5 Bxd5 12. exd5 Nb6 13. a5 Nxd5 14. Bxc4 Nxe3 15. fxe3 Nf6 16. Qe2 Qc8 17. e4 O-O 18. g4 e6 19. Bd3 Nd7 20. Kg2 e5 21. d5 Nc5 22. Nd2 Bh6 23. Nc4 Qc7 24. Rf6 Rfd8 25. Rf3 Bf4 26. Nb6 Ra7 27. Bc4 Nd7 28.
Qf2 Qc5 29. b3 Qxf2+ 30. Kxf2 Nc5 31. Bd3 g5 32. Ke2 h5 33. Nc4 f6 34. Kf2 Kg7 35.
Rh1 Kg6 36. gxh5+ Kxh5 37. Kg2 Kh4 38. Rg1 Rg7 39. Kf1 Kh5 40. Rg4 Kg6 41. Nb6 Rh7 42.
Kg2 Rdh8 43. Nc4 Rd8 44. Rf1 Kf7 45. Rh1 Ke7 46. h4 gxh4 47. Rhxh4 Rxh4 48. Rxh4 Rg8+ 49. Kf1 Rg7 50. Rh8 f5 51. exf5 e4 52. Be2 e3 53.
Ra8 Kf6 54. Bd3 Kg5 55. Rd8 Kg4 56. Ke2 Rh7 57. Rg8+ Bg5 58. Nxe3+ Kf4 59. Ng2+ Kg4 60. f6 Rh2 61. Kf1 Nd7 62. f7 Kh3 63. Rh8+ Kg3 64.
Rxh2 Kxh2 65. Bf5 Nf8 66. Kf2 Kh1 67. Kf3 Bf6 68. Ne3 Bg5 69. Nc4 Bf6 70. Nxd6 Be5 71.
Ne4 Bc7 72. d6 Bd8 73. d7 Kh2 74. Nc5 Kg1 75. Ne6 Nxe6 76. Bxe6 Be7 77. f8=Q Bxf8 78. d8=Q 1-0

[Event "Late-Titled-Tuesday-Blitz-June-18-2024"]
[Site "Chess.com"]
[Date "2024.06.18"]
[Round "1"]
[White "CrimeFightingSpider07"]
[Black "Annawel"]
[Result "1/2-1/2"]
[WhiteElo "2528"]
[BlackElo "3074"]
[TimeControl "180+1"]
[EndTime "14:08:59 PDT"]
[Termination "Game drawn by repetition"]

1. d4 d5 2. c4 e6 3. Nc3 a6 4.
e3 Nf6 5. Nf3 b6 6. b3 Bb7 7.
Be2 Nbd7 8. O-O Bd6 9. Bb2 O-O 10.
Rc1 Re8 11. Na4 c5 12. Ne5 cxd4 13. exd4 dxc4 14. bxc4 Qc7 15. Bf3 Bxf3 16. Qxf3 Rac8 17. Rfe1 h6 18. c5 bxc5 19. Nxc5 Qa7 20. Nexd7 Nxd7 21.
Nxd7 Qxd7 22. Ba3 Bb8 23. Qd3 Qd5 24. g3 Qxa2 25. Qxa6 Rcd8 26. Qd3 Qd5 27. Bc5 Bd6 28. Qe4 Qg5 29. Bxd6 Rxd6 30. Qe5 Qd8 31. Rcd1 Rd5 32. Qe3 Qd7 33. Rd2 Rd8 34. f4 Qa4 35. Red1 Qb4 36.
Rd3 h5 37. Qd2 Qd6 38. Qe3 Qe7 39. Re1 Qf6 40. Red1 h4 41. Re1 g6 42. Red1 Kg7 43. Re1 hxg3 44. hxg3 Rh8 45. Qe4 Rdh5 46. Kf2 Rh2+ 47. Kf3 Qd8 48. Qe5+ Kg8 49. d5 Qa8 50. Qe4 Qa2 51. Re2 Rxe2 52. Qxe2 Qa8 53. Qe4 Rh2 54. Qd4 Qa2 55. Ke4 Re2+ 56. Re3 Rh2 57. Qd3 Qa4+ 58.
Qd4 Qc2+ 59. Qd3 Qg2+ 60. Rf3 Qh1 61. dxe6 Qe1+ 62. Re3 Qb4+ 63. Qd4 Qb1+ 64. Qd3 Qb7+ 65. Qd5 Qb4+ 66. Qd4 Qb1+ 67. Qd3 Rc2 68. exf7+ Kxf7 69. Qd7+ Kg8 70. Qe8+ Kg7 71. Qe7+ Kh6 72. Qh4+ Kg7 73. Qe7+ Kg8 74. Qe8+ Kh7 75. Qe7+ Kh6 76. Qh4+ Kg7 77. Qe7+ 1/2-1/2

[Event "Late-Titled-Tuesday-Blitz-June-18-2024"]
[Site "Chess.com"]
[Date "2024.06.18"]
[Round "1"]
[White "mestrefeitosa19"]
[Black "ozates"]
[Result "0-1"]
[WhiteElo "2299"]
[BlackElo "2626"]
[TimeControl "180+1"]
[EndTime "14:09:00 PDT"]
[Termination "ozates won by resignation"]

1. c4 g6 2. Nc3 Bg7 3. d4 d6 4. e4 Nf6 5. Nf3 O-O 6. Be2 Na6 7. O-O e5 8. d5 Nc5 9. Qc2 a5 10. a3 Nh5 11. Ne1 Nf4 12. Bd1 f5 13. f3 a4 14. Be3 Bh6 15. Bxc5 dxc5 16. Nxa4 b6 17. Nc3 fxe4 18. Nxe4 Bf5 19. Be2 Qh4 20. Nd3 Nxg2 21. Kxg2 Bh3+ 22. Kh1 Bxf1 23. Rxf1 Bf4 24. Nxf4 Rxf4 25. Qd2 Raf8 26. d6 cxd6 27. Qxd6 R4f5 28. Qd5+ Kh8 29. Ng3 Rg5 30. Kg2 h5 31. Qd6 Qf4 32.
Kh1 h4 33. Ne4 Rh5 34. Qxg6 Rh6 35. Qg5 Qxg5 36. Nxg5 Rd6 37. Ne4 Rd4 38. Rg1 Kh7 39. Rg4 h3 40. Rh4+ Kg6 41. Rxh3 Kf5 42. Rh4 Rg8 43.
Ng3+ Ke6 44. Rxd4 exd4 45. Bd3 Ke5 46. Kg2 Kf4 47. Kf2 Rh8 48. Kg2 Ke3 49. Be4 d3 50. Nf1+ Ke2 51. Ng3+ Ke3 52. Nf5+ Ke2 53. Ng3+ Kd2 54.
h3 Kc2 55. Bf5 Rd8 56. Nf1 Kxb2 57. Ne3 d2 58. Kf2 d1=Q 59. Nxd1+ Rxd1 60. h4 Kxa3 61. h5 Kb4 62. h6 Rd8 63. h7 Kxc4 64. Be6+ Kc3 65.
Bg8 Rd2+ 66. Ke3 Rd3+ 67. Kf4 Rd4+ 68. Kg3 Rd1 69. h8=Q+ Kb4 70. Qg7 Rg1+ 71. Kf2 Rxg7 72. Bc4 Kxc4 73. Ke3 b5 74. f4 b4 75. Ke4 Re7+ 76.
Kf5 Re1 77. Kf6 b3 78. f5 b2 79. Kg7 b1=Q 80. f6 Qf5 81. f7 Rg1+ 82. Kf8 Rf1 0-1

[Event "Late-Titled-Tuesday-Blitz-June-18-2024"]
[Site "Chess.com"]
[Date "2024.06.18"]
[Round "1"]
[White "lukas_111111"]
[Black "szefru"]
[Result "1-0"]
[WhiteElo "2642"]
[BlackElo "2332"]
[TimeControl "180+1"]
[EndTime "14:09:04 PDT"]
[Termination "lukas_111111 won by resignation"]

1. b3 Nf6 2. Bb2 g6 3. Bxf6 exf6 4. c4 Bg7 5. Nc3 O-O 6. g3 f5 7. Rc1 Nc6 8. Bg2 d6 9. e3 f4 10. gxf4 Re8 11. Nf3 Bg4 12. O-O Qd7 13. d4 Ne7 14. Qd3 Bh3 15. Ne1 Bxg2 16. Nxg2 Qg4 17. Qe2 Qh3 18.
Ne1 Nf5 19. Qf3 Qh6 20. Qxb7 c5 21. dxc5 dxc5 22. Qg2 Rad8 23. Nf3 Bxc3 24. Rxc3 Nh4 25. Nxh4 Qxh4 26. Qg3 Qf6 27. Rcc1 Rd2 28. a4 Red8 29. Qf3 Qd6 30. a5 Qd3 31. Rb1 Qc2 32. a6 R8d7 33.
b4 cxb4 34. Rxb4 Qa2 35. f5 Qxa6 36. Rb8+ Rd8 37. Rfb1 Kg7 38. Rxd8 Rxd8 39. Qf4 Qf6 40. fxg6 Qxg6+ 41. Qg3 Rc8 42. Rb7 a5 43. Ra7 Rc5 44. h4 Qxg3+ 45. fxg3 Kf6 46. Kf2 Ke6 47. Ra6+ Kf5 48.
Kf3 f6 49. g4+ Ke5 50. g5 fxg5 51. hxg5 Kf5 52. Ra7 Kg6 53. Kf4 Rf5+ 54. Ke4 Rxg5 55. Kd4 h5 56. c5 Rg1 57. Rxa5 h4 58. Ra8 Kf7 59. Rh8 Rh1 60. c6 Rc1 61. Kd5 Ke7 62. Rh7+ Kd8 63. Rxh4 Rd1+ 64. Ke6 Kc7 65. Rc4 Re1 66.
e4 Re2 67. e5 Re1 68. Kd5 Rd1+ 69. Ke6 Re1 70. Kf6 Rf1+ 71. Ke7 Re1 72. e6 Re5 73. Kf7 Rf5+ 74. Ke8 Re5 75. e7 Rf5 76. Rd4 Kxc6 77. Kd8 Re5 78. e8=Q+ 1-0

[Event "Late-Titled-Tuesday-Blitz-June-18-2024"]
[Site "Chess.com"]
[Date "2024.06.18"]
[Round "1"]
[White "SCIM"]
[Black "SoCalJuniorChess"]
[Result "1/2-1/2"]
[WhiteElo "2589"]
[BlackElo "2218"]
[TimeControl "180+1"]
[EndTime "14:09:05 PDT"]
[Termination "Game drawn - insufficient material"]

1. e4 d5 2. exd5 Qxd5 3. Nc3 Qd8 4. d4 Nf6 5. Bc4 a6 6. Nf3 b5 7. Bb3 e6 8. O-O c5 9. dxc5 Qxd1 10. Rxd1 Bxc5 11. Bg5 Nbd7 12. Rd2 h6 13. Bh4 O-O 14. Rad1 Bb4 15. Rd4 Bxc3 16. bxc3 g5 17. Bg3 Nc5 18. Bd6 Nxb3 19. axb3 Rd8 20. h4 g4 21. Ne5 h5 22.
c4 bxc4 23. bxc4 a5 24. Rf4 Nd5 25. cxd5 Rxd6 26. Rxf7 Rxd5 27. Rxd5 exd5 28. Re7 a4 29. Nc6 a3 30. Re8+ Kf7 31. Re1 Bf5 32. Nd4 Be4 33. f3 gxf3 34. gxf3 Bg6 35. Kf2 Ra4 36. c3 Rc4 37.
Nb5 Rxh4 38. Nxa3 Ra4 39. Nb5 Bd3 40. Nd4 Rc4 41. Ke3 Rxc3 42. Kd2 Ra3 43. Re3 h4 44.
Rxd3 Ra2+ 45. Ke3 h3 46. Rd1 Kf6 47. Rh1 h2 48. Ne2 Kg5 49. Rxh2 Ra3+ 50. Kf2 Ra2 51. Rg2+ Kf5 52. Rh2 d4 53. Rh5+ Ke6 54. Ke1 d3 55.
Nf4+ Kd6 56. Nxd3 Ra1+ 57. Ke2 Ra2+ 58. Ke3 Ra4 59. Rh6+ Ke7 60. Rh5 Kf6 61. Re5 Ra3 62. Re4 Rb3 63. Rf4+ Ke6 64. Re4+ Kd6 65. Rd4+ Ke7 66.
Rb4 Rc3 67. Re4+ Kf7 68. f4 Kg7 69. Re5 Rc2 70. Rg5+ Kh6 71. Rd5 Rg2 72. Kd4 Rg3 73. Ke4 Kg7 74. Rd6 Rg2 75. Ne5 Re2+ 76. Kf5 Rf2 77.
Rd7+ Kf8 78. Ng6+ Ke8 79. Re7+ Kd8 80. Re4 Rg2 81. Kf6 Rg4 82. f5 Rxe4 83. Ne5 Rf4 84. Nf7+ Kd7 85. Ne5+ Kd6 86. Nf7+ Kd5 87. Nh6 Rxf5+ 88.
Kxf5 1/2-1/2

[Event "Late-Titled-Tuesday-Blitz-June-18-2024"]
[Site "Chess.com"]
[Date "2024.06.18"]
[Round "1"]
[White "cthulhuuu"]
[Black "tvjosue"]
[Result "1-0"]
[WhiteElo "2390"]
[BlackElo "2682"]
[TimeControl "180+1"]
[EndTime "14:09:15 PDT"]
[Termination "cthulhuuu won by resignation"]

1. e4 c6 2. d3 d5 3. Nd2 e5 4.
Ngf3 Bd6 5. d4 exd4 6. exd5 Nf6 7. dxc6 Nxc6 8. Nb3 O-O 9. Be2 Re8 10. O-O Bc7 11.
Nbxd4 Nxd4 12. Nxd4 Qd6 13. g3 Bb6 14. c3 Bxd4 15.
cxd4 Bh3 16. Re1 Qd5 17. Bf1 Rxe1 18. Qxe1 Re8 19. Be3 Qh5 20. Bxh3 Qxh3 21. Qf1 Qf5 22. Re1 Nd5 23. Qb5 Re6 24. Qxb7 h5 25. Rc1 h4 26.
Qc8+ Kh7 27. Qc2 Re4 28. Qd3 g6 29. Rc5 h3 30. Qf1 Qe6 31. Rxd5 Qxd5 32. Qxh3+ Kg8 33. Qc8+ Kg7 34. Qh3 Qxa2 35. Bh6+ Kg8 36. Qc8+ Kh7 37. Qh3 Qb1+ 38. Kg2 Re6 39. Bf4+ Kg7 40. Qh6+ Kg8 41. Be5 Rxe5 42. dxe5 Qe4+ 43. Kg1 Qe1+ 44. Kg2 Qe4+ 45. Kg1 Qxe5 46. Qe3 Qxb2 47. Qxa7 Qb1+ 48. Kg2 Qe4+ 49. Kg1 Qe6 50. Qe3 Qd5 51. f3 Qd1+ 52. Kg2 Qc2+ 53.
Qf2 Qc6 54. Kg1 Qd7 55. f4 Qg4 56. Kg2 Qd1 57. h3 Qd7 58. g4 Qd5+ 59. Qf3 Qd2+ 60.
Qf2 Qd3 61. f5 g5 62. f6 Qe4+ 63. Kg3 Qe5+ 64. Kg2 Qd6 65. Qf5 Qd2+ 66. Kf3 Qd1+ 67. Ke4 Qb1+ 68. Ke5 Qb5+ 69. Kd6 Qb6+ 70. Ke7 Qc7+ 71.
Ke8 Qb8+ 72. Kd7 Qa7+ 73. Kd8 Qb6+ 74. Kd7 Qb7+ 75. Kd8 Qb8+ 76. Qc8 Qf4 77. Ke7+ Kh7 78. Kxf7 Qc4+ 79. Qe6 Qc7+ 80. Qe7 Qc8 81. Qe4+ Kh8 82. Qe8+ Qxe8+ 83. Kxe8 1-0